 Dungeon Crawl Stone Soup version 0.29.1-15-g9cfb28693d (webtiles) character file.

Game seed: 11937058510716323429

205 sweetbreads the Digger (level 5, -5/30 HPs)
             Began as a Gargoyle Earth Elementalist on Mar 20, 2023.
             Slain by a gnoll
             ... wielding a +0 halberd
              (9 damage)
             ... on level 4 of the Dungeon.
             The game lasted 00:10:27 (4161 turns).

sweetbreads the Digger (GrEE)                       Turns: 4161, Time: 00:10:28

Health: -5/30      AC:  8    Str: 12    XL:     5   Next: 83%
Magic:  5/8        EV: 12    Int: 17    God:
Gold:   112        SH:  0    Dex: 10    Spells: 4/8 levels left

rFire   . . .      SeeInvis .   o - +0 club
rCold   . . .      Faith    .   (no shield)
rNeg    + . .      Spirit   .   a - +0 robe
rPois   ∞          Reflect  .   j - +0 helmet
rElec   +          Harm     .   (no cloak)
rCorr   .          Rampage  .   m - +0 pair of gloves
Will    .....                   (no boots)
Stlth   ++........              (no amulet)
HPRegen 0.10/turn               (no ring)
MPRegen 0.11/turn               (no ring)

@: no status effects
A: sickness immunity, AC +4, negative energy resistance 1, electricity
resistance, torment resistance 1, petrification resistance
a: no special abilities


You were on level 4 of the Dungeon.
You visited 1 branch of the dungeon, and saw 4 of its levels.

You collected 112 gold pieces.

Inventory:

Hand Weapons
 o - a +0 club (weapon)
Missiles
 s - 6 poisoned darts (quivered)
Armour
 a - a +0 robe (worn)
 j - a +0 helmet (worn)
 m - a +0 pair of gloves (worn)
 p - the +1 leather armour "Ukazanuo" {Dex+4}
   (You found it on level 3 of the Dungeon)

   Dex:       It affects your dexterity (+4).
Scrolls
 c - 3 scrolls of identify {unknown}
 e - a scroll of enchant weapon {unknown}
 h - 2 scrolls of poison {unknown}
 n - a scroll of silence {unknown}
Potions
 b - a potion of magic
 d - 4 potions of curing {unknown}
 f - 2 potions of mutation {unknown}
 g - 3 potions of attraction {unknown}
 i - 2 potions of flight {unknown}
 k - a potion of brilliance {unknown}
 l - 2 potions of degeneration {unknown}
 q - a potion of ambrosia {unknown}
 r - a potion of heal wounds {unknown}


   Skills:
 * Level 1.7 Fighting
 * Level 2.1 Dodging
 * Level 3.2 Stealth
 - Level 2.0 Spellcasting
 * Level 1.7 Conjurations
 * Level 1.7 Transmutations
 + Level 5.4 Earth Magic


You had 4 spell levels left.
You knew the following spells:

 Your Spells              Type           Power      Damage    Failure   Level
a - Sandblast             Erth           40%        2d10      1%          1
b - Stone Arrow           Conj/Erth      26%        3d8       13%         3

Your spell library contained the following spells:

 Spells                   Type           Power      Damage    Failure   Level
 Passwall                 Tmut/Erth      10%        N/A       7%          2
 Petrify                  Tmut/Erth      13%        N/A       41%         4


Dungeon Overview and Level Annotations

Branches:
Dungeon (4/15)
 Temple: D:4-7

Altars:
Nemelex Xobeh
Ru

Shops:
D:2 ?

Annotations:
D:2 Terence


Innate Abilities, Weirdness & Mutations

You are immune to sickness and miasma.
Your stone body is resilient. (AC +4)
You are immune to poison.
You resist negative energy. (rN+)
You are resistant to electric shocks. (rElec)
You are resistant to unholy torment.
You are immune to petrification.


Message History

There is an open door here.
There is a stone staircase leading down here.
You climb downwards.
The gnoll shouts! x3; You hear a shout!
A gnoll comes into view. It is wielding a +0 whip.
Found 13 gold pieces and an iron ring.
There is a stone staircase leading up here.
Casting: Sandblast (safe; 2% risk of failure)
Confirm with . or Enter, or press ? or * to list all spells.
Aiming: Sandblast (safe; 2% risk of failure)
Press: ? - help, Shift-Dir - straight line, f - gnoll
Aim: a gnoll, wielding a +0 halberd (84% to hit)
The blast of sand hits the gnoll.
The gnoll is moderately wounded.
The gnoll closely misses you. The gnoll hits you with a +0 flail!
Unknown command.
Casting: Sandblast (safe; 2% risk of failure)
Confirm with . or Enter, or press ? or * to list all spells.
Aiming: Sandblast (safe; 2% risk of failure)
Press: ? - help, Shift-Dir - straight line, f/p - gnoll
Aim: a gnoll, wielding a +0 halberd (84% to hit)
The blast of sand hits the gnoll.
The gnoll is lightly wounded.
The gnoll hits you with a +0 club. The gnoll barely misses you.
The gnoll hits you but does no damage.
The gnoll hits you from afar with a +0 halberd!
The gnoll misses you.
Casting: Sandblast (safe; 2% risk of failure)
Confirm with . or Enter, or press ? or * to list all spells.
Aiming: Sandblast (safe; 2% risk of failure)
Press: ? - help, Shift-Dir - straight line, f/p - gnoll
Aim: a gnoll, wielding a +0 halberd (84% to hit)
The blast of sand hits the gnoll!
You kill the gnoll!
The gnoll misses you. The gnoll barely misses you.
Unknown command.
The gnoll hits you with a +0 flail!
* * * LOW HITPOINT WARNING * * *
The gnoll hits you from afar with a +0 halberd!
You die...

#### ...
#####.######
#.....@....#
#.....)g$..#
#.....gg...#
#..........#
#..$.......#
#.......=..#
#..........#
...........#


You could see 3 gnolls.

Vanquished Creatures
  An orc wizard (D:3)
  5 gnolls
  5 adders
  A white imp (D:3)
  2 worms (D:3)
  9 orcs (D:3)
  5 ball pythons
  6 bats
  12 endoplasms
  4 giant cockroaches
  4 goblins
  3 hobgoblins
  3 frilled lizards (D:3)
  5 kobolds
  5 rats
70 creatures vanquished.

Notes
Turn   | Place    | Note
-------+----------+-------------------------------------------
     0 | D:1      | sweetbreads the Gargoyle Earth Elementalist began the quest
                  | for the Orb.
     0 | D:1      | Reached XP level 1. HP: 10/10 MP: 3/3
   284 | D:2      | Reached XP level 2. HP: 16/16 MP: 3/5
   304 | D:2      | Reached skill level 1 in Transmutations
   363 | D:2      | Reached skill level 4 in Earth Magic
   637 | D:1      | Reached XP level 3. HP: 20/20 MP: 3/6
   643 | D:1      | Learned a level 3 spell: Stone Arrow
   838 | D:1      | Found a faded altar of an unknown god.
  1179 | D:2      | Found Joxuy's Magic Scroll Emporium.
  1194 | D:2      | Reached skill level 1 in Conjurations
  1257 | D:2      | Reached skill level 1 in Fighting
  1486 | D:3      | Identified the +1 leather armour "Ukazanuo" {Dex+4}
  1696 | D:2      | Reached XP level 4. HP: 25/25 MP: 4/7
  1758 | D:2      | Noticed Terence
  2273 | D:2      | HP: 1/25 [Terence/+2 trident of protection (4)]
  2991 | D:3      | Reached XP level 5. HP: 19/29 MP: 1/8
  3169 | D:3      | Reached skill level 5 in Earth Magic
  3491 | D:3      | Found a sacrificial altar of Ru.
  3492 | D:3      | Found a sparkling altar of Nemelex Xobeh.
  4161 | D:4      | Slain by a gnoll

Illustrated notes

Levels and vault maps discovered:
D:1:      amcnicky_arrival_choice, layout_loops_cross,
          chequers_ecumenical_altar_grove, corexii_corridor_pit,
          kennysheep_boxes
D:2:      layout_basic, serial_shops, nicolae_shop_waterfront,
          eino_tiny_chamber, uniq_terence
D:3:      layout_loops_corners, mainiacjoe_overflow_divided_tiny
D:4:      layout_basic, tgw_sif, serial_shops, nicolae_shop_advertising_works
          [nicolae_subvault_shop_adworks], minmay_stone_trees_medium

Skill      XL: |  1  2  3  4  5 |
---------------+----------------+-----
Transmutations | 1 |  1.7
Earth Magic    | 4 5 |  5.4
Conjurations   | 1 |  1.7
Fighting       | 1 |  1.7
Stealth        | 3 |  3.2
Dodging        | 2 |  2.1
Spellcasting   | |  2.0

Action                   |  1- 3 |  4- 6 || total
-------------------------+-------+-------++-------
Throw: Dart              |       |     3 ||     3
 Cast: Sandblast         |    52 |    59 ||   111
Armor: Robe              |     6 |     7 ||    13
Dodge: Dodged            |     4 |    25 ||    29
